 Dungeon Crawl Stone Soup version 0.28-a0-381-g937acc2988 (webtiles) character file.

Game seed: 15864178632766153161

164 funkygono the Cudgeller (level 5, -9/53 HPs)
             Began as a Troll Fighter on Sept 2, 2021.
             Mangled by Pikel (15 damage)
             ... on level 4 of the Dungeon.
             The game lasted 00:05:47 (2583 turns).

funkygono the Cudgeller (Troll Fighter)             Turns: 2583, Time: 00:05:47

Health: -9/53      AC:  4    Str: 25    XL:     5   Next: 21%
Magic:  4/4        EV:  8    Int:  4    God:
Gold:   200        SH:  8    Dex:  9    Spells: 4/4 levels left

rFire   . . .      SeeInvis .   n - +4 whip
rCold   . . .      Faith    .   c - +1 kite shield
rNeg    . . .      Spirit   .   b - +0 robe
rPois   .          Reflect  .   (helmet restricted)
rElec   .          Harm     .   (no cloak)
rCorr   .          Rampage  .   (gloves unavailable)
Will    .....                   (boots unavailable)
Stlth   +.........              (no amulet)
HPRegen 1.17/turn               (no ring)
MPRegen 0.09/turn               (no ring)

@: no status effects
A: large, unfitting armour, claws 3, regeneration 1, shaggy fur 1, tough skin 1
a: no special abilities


You were on level 4 of the Dungeon.
You visited 1 branch of the dungeon, and saw 4 of its levels.

You collected 200 gold pieces.

Inventory:

Hand Weapons
 a - a +0 flail
 i - a +0 whip
 n - a +4 whip (weapon)
Missiles
 e - 144 stones (quivered)
 l - 16 poisoned darts
 p - 4 curare-tipped darts
Armour
 b - a +0 robe (worn)
 c - a +1 kite shield (worn)
Jewellery
 s - a ring of magical power
Wands
 m - a wand of paralysis (4)
Scrolls
 j - a scroll of teleportation
 q - 2 scrolls of enchant weapon
Potions
 d - a potion of might
 f - a potion of flight {unknown}
 g - a potion of cancellation {unknown}
 h - 4 potions of curing {unknown}
 k - 2 potions of berserk rage
 o - 2 potions of mutation {unknown}
 r - 2 potions of heal wounds {unknown}


   Skills:
 + Level 3.0 Fighting
 + Level 3.4 Maces & Flails
 + Level 0.1 Throwing
 + Level 3.2 Dodging
 + Level 0.3 Stealth
 + Level 2.7 Shields


You had 4 spell levels left.
You didn't know any spells.
Your spell library contained the following spells:

 Spells                   Type           Power      Damage    Failure   Level
 Magic Dart               Conj           0%         1d3       91%         1
 Call Imp                 Summ           0%         N/A       97%         2
 Static Discharge         Conj/Air       0%         N/A       97%         2
 Inner Flame              Hex/Fire       0%         N/A       100%        3
 Mephitic Cloud           Conj/Pois/Air  0%         N/A       100%        3
 Stone Arrow              Conj/Erth      0%         3d7       100%        3
 Cause Fear               Hex            0%         N/A       100%        4
 Bolt of Magma            Conj/Fire/Erth 0%         4d4       100%        5
 Lightning Bolt           Conj/Air       0%         1d11      100%        5
 Discord                  Hex            0%         N/A       100%        8
 Maxwell's Capacitive Co  Air            0%         ∞         100%        8
 Shatter                  Erth           0%         3d5*      100%        9


Dungeon Overview and Level Annotations

Branches:
Dungeon (4/15)
 Temple: D:4-7

Altars:
Cheibriados
Gozag

Annotations:
D:4 1 runed translucent door, Pikel; bmj180's ghost, amateur DrCj


Innate Abilities, Weirdness & Mutations

You are too large for most types of armour.
You have claws for hands.
Your natural rate of healing is unusually fast.
You are covered in fur. (AC +1)
You have tough skin. (AC +1)


Message History

The lemure hits you.
You completely miss the lemure.
The lemure is heavily wounded.
A lemure comes into view.
The lemure barely misses you.
You closely miss the lemure.
The lemure is heavily wounded.
The lemure barely misses you.
A lemure comes into view.
The lemure shouts!
You hit the lemure.
The lemure is severely wounded.
The lemure hits you but does no damage.
You hit the lemure.
The lemure is almost dead.
The lemure hits you.
You closely miss the lemure.
The lemure is almost dead.
The lemure hits you.
You hit the lemure but do no damage.
The lemure is almost dead.
The lemure hits you.
You miss Pikel. You closely miss Pikel. Pikel completely misses you.
Pikel hits you but does no damage.
You hit Pikel.
Pikel is lightly wounded.
Pikel hits you with a +0 whip of electrocution!
You hit Pikel but do no damage.
Pikel is lightly wounded.
Pikel closely misses you.
You hit Pikel.
Pikel is moderately wounded.
Pikel hits you with a +0 whip of electrocution!
You are electrocuted!!
* * * LOW HITPOINT WARNING * * *
You barely miss Pikel.
Pikel is moderately wounded.
Pikel hits you but does no damage.
You are electrocuted!
You die...

# ##. ##...
#.....#######
#....555K@..#
......#####.#
#..5. #.#
.((...#####.##
#.# #........#
( #######..#
##.# #.#
#.##########


You could see Pikel and 3 lemures.

Vanquished Creatures
  A lemure (D:4)
  An orc priest (D:3)
  An iron imp (D:3)
  4 adders
  2 worms
  2 dart slugs
  3 orcs
  12 endoplasms
  10 goblins
  2 hobgoblins
  A quokka (D:1)
  7 ball pythons
  5 bats
  5 frilled lizards
  4 kobolds
  3 rats
63 creatures vanquished.

Notes
Turn   | Place    | Note
-------+----------+-------------------------------------------
     0 | D:1      | funkygono the Troll Fighter began the quest for the Orb.
     0 | D:1      | Reached XP level 1. HP: 22/22 MP: 0/0
   327 | D:1      | Reached XP level 2. HP: 29/29 MP: 1/1
   525 | D:1      | Found a faded altar of an unknown god.
  1124 | D:2      | Reached XP level 3. HP: 32/36 MP: 2/2
  1425 | D:3      | Reached XP level 4. HP: 44/44 MP: 3/3
  1701 | D:3      | Found an opulent altar of Gozag.
  1852 | D:3      | Found a snail-covered altar of Cheibriados.
  1917 | D:3      | Reached XP level 5. HP: 53/53 MP: 4/4
  2484 | D:4      | Found a runed translucent door.
  2485 | D:4      | Noticed bmj180's ghost (amateur DrCj)
  2537 | D:4      | Noticed a lemure
  2552 | D:4      | Killed a lemure
  2556 | D:4      | Noticed a lemure
  2570 | D:4      | Noticed Pikel
  2572 | D:4      | Noticed a lemure
  2573 | D:4      | Noticed a lemure
  2583 | D:4      | Mangled by Pikel

Illustrated notes

Levels and vault maps discovered:
D:1:      dpeg_arrival_shrine, layout_basic,
          hellmonk_ecumenical_altar_inner_sanctum
D:2:      minmay_razor_zed, layout_rooms
D:3:      layout_basic, slow_altar_1, lemuel_crystal_altar,
          kennysheep_generic_room_3
D:4:      layout_loops_ring, ebering_ghost_sewer_d, uniq_pikel, uniq_ijyb

Skill      XL: |  1  2  3  4 |
---------------+-------------+-----
Maces & Flails | 2 3 |  3.4
Dodging        | 3 |  3.2
Fighting       | 3 |  3.0
Throwing       | |  0.1
Stealth        | |  0.3
Shields        | |  2.7

Action                   |  1- 3 |  4- 6 || total
-------------------------+-------+-------++-------
Melee: Flail             |   111 |       ||   111
       Whip              |    16 |    91 ||   107
Throw: Stone             |     4 |    25 ||    29
  Use: Scroll            |     5 |     2 ||     7
Armor: Robe              |    50 |    17 ||    67
Dodge: Dodged            |    41 |    21 ||    62
Block: Kite shield       |    53 |    16 ||    69

Table legend: (Time is in decaauts)
 A = Elapsed time spent in this place.
 B = Non-inter-level travel time spent in this place.
 C = Inter-level travel time spent in this place.
 D = Time resting spent in this place.
 E = Time spent auto-exploring this place.
 F = Levels seen in this place.
 G = Mean time per level.
                   A        B        C        D        E       F      G
               +--------+--------+--------+--------+--------+-----+--------+
         Total |   2666 |   2475 |    191 |      0 |   1802 |   4 |  666.5 |
       Dungeon |   2666 |   2475 |    191 |      0 |   1802 |   4 |  666.5 |
               +--------+--------+--------+--------+--------+-----+--------+

Top non-repeatable levels by time:
     D:2: 816 daAuts
     D:3: 806 daAuts
     D:1: 717 daAuts
     D:4: 326 daAuts
